 Dungeon Crawl Stone Soup version 0.30.0-17-ge0270778cf (webtiles) character file.

Game seed: 10049555533740590406

11 monsoonserge the Shield-Bearer (level 2, 27/29 HPs)
             Began as a Troll Fighter on May 22, 2023.
             Was a Follower of Vehumet.
             Quit the game on level 2 of the Dungeon.
             The game lasted 00:01:21 (879 turns).

monsoonserge the Shield-Bearer (Troll Fighter)       Turns: 879, Time: 00:01:21

Health: 27/29      AC:  4    Str: 23    XL:     2   Next: 17%
Magic:  1/1        EV:  8    Int:  4    God:    Vehumet [*.....]
Gold:   60         SH:  7    Dex:  9    Spells: 1/1 levels left

rFire   . .          .
                       - Unarmed
rCold   . . .        b - +0 kite shield
rNeg    . . .        a - +0 robe
rPois   .            (helmet restricted)
rElec   .            (no cloak)
rCorr   .            (gloves unavailable)
SInv    .            (boots unavailable)
Will    .....        (no amulet)
Stlth   +            (no ring)
HPRegen 1.04/turn    (no ring)
MPRegen 0.07/turn

%: no passive effects
@: no status effects
A: large, unfitting armour, claws 3, regeneration 1, shaggy fur 1, tough skin 1
a: Renounce Religion


You were on level 2 of the Dungeon.
You worshipped Vehumet.
Vehumet was aware of your devotion.
You visited 1 branch of the dungeon, and saw 2 of its levels.

You collected 60 gold pieces.

Inventory:

Missiles
 e - 2 atropa-tipped darts (quivered)
 l - 5 poisoned darts
Armour
 a - a +0 robe (worn)
 b - a +0 kite shield (worn)
Scrolls
 d - a scroll of teleportation {unknown}
 f - a scroll of identify {unknown}
 h - a scroll of acquirement {unknown}
 k - 2 scrolls of enchant weapon {unknown}
Potions
 c - a potion of might
 g - a potion of heal wounds {unknown}
 i - 3 potions of attraction {unknown}
 j - a potion of flight {unknown}


   Skills:
 + Level 2.6 Fighting
 + Level 2.5 Dodging
 + Level 2.9 Shields
 + Level 2.1 Unarmed Combat


You had one spell level left.
You didn't know any spells.
Your spell library was empty.

Dungeon Overview and Level Annotations

Branches:
Dungeon (2/15)

Altars:
Vehumet


Innate Abilities, Weirdness & Mutations

You are too large for most types of armour.
You have claws for hands.
Your natural rate of healing is unusually fast.
You are covered in fur. (AC +1)
You have tough skin. (AC +1)


Message History

You see here 5 poisoned darts.
l - 5 poisoned darts
There is an open door here.
There is an open door here.
There is a stone staircase leading down here.
Done exploring.
Done exploring.
There is an escape hatch in the floor here.
There is a stone staircase leading down here.
You climb downwards.
Found an escape hatch in the ceiling.
There is a stone staircase leading up here.
There is an escape hatch in the ceiling here.
A rat comes into view.
You scratch the rat.
You kill the rat!
k - 2 scrolls labelled WUFOESHR DIBREE (gained 1)
You now have 54 gold pieces (gained 10).
Found a faded altar of an unknown god.
A kobold comes into view. It is wielding a +0 club.
Found 5 gold pieces.
The kobold shouts!
You see here 6 gold pieces.
You now have 60 gold pieces (gained 6).
The kobold is caught in a web!
The kobold pulls away from the web.
You scratch the kobold.
The kobold is severely wounded.
The kobold hits you with a +0 club.
You closely miss the kobold.
The kobold is severely wounded.
The kobold hits you with a +0 club.
You claw the kobold!
You kill the kobold!
There is a faded altar of an unknown god here.
This altar belongs to (a) Okawaru, (b) Vehumet or (c) Fedhas, but you can't tell which.
Press the corresponding letter to learn more about a god, or press enter to convert or escape to cancel.
Vehumet accepts your prayer! Vehumet welcomes you!
You can now gain magical power from killing.
Vehumet offers you knowledge of Freeze.
Are you sure you want to abandon this character and quit the game? (Confirm with "yes".)

#.# #....# #.#
#....# #### #.#
#....# ...###### #.#
#....# #........ #.#
#....# #.......
#.####....###.......
#..............##
######.##.###..^#
#....# #.@.# ######
#^^^# #..$# #..##
#..# #... #.## #..


There were no monsters in sight!

Vanquished Creatures
  A dart slug (D:1)
  An endoplasm (D:1)
  2 hobgoblins (D:1)
  A bat (D:1)
  A frilled lizard (D:1)
  2 kobolds
  3 rats
11 creatures vanquished.

Notes
Turn   | Place    | Note
-------+----------+-------------------------------------------
     0 | D:1      | monsoonserge the Troll Fighter began the quest for the Orb.
     0 | D:1      | Reached XP level 1. HP: 22/22 MP: 0/0
   432 | D:1      | Reached XP level 2. HP: 29/29 MP: 1/1
   869 | D:2      | Found a faded altar of an unknown god.
   878 | D:2      | Prayed at the altar of an unknown god.
   878 | D:2      | Became a worshipper of Vehumet
   878 | D:2      | Reached * piety under Vehumet
   878 | D:2      | Offered knowledge of Freeze by Vehumet.
   879 | D:2      | Quit the game

Illustrated notes

Levels and vault maps discovered:
D:1:      minmay_arrival_four_loops, layout_basic
D:2:      layout_basic, ebering_ecumenical_altar_webs, uniq_terence

Action                     || total
---------------------------++-------
  Melee: Unarmed           ||    34
 Armour: Robe              ||     9
  Dodge: Dodged            ||    12
  Block: Kite shield       ||    15
